 Dungeon Crawl Stone Soup version 0.32-a0-128-g77eb882913 (webtiles) character file.

Game seed: 17046881823899328723

359 Ceno the Vexing (level 6, -4/48 HPs)
             Began as a Barachi Hexslinger on Feb 8, 2024.
             Slain by an orc priest
             ... wielding a +0 club
              (6 damage)
             ... on level 3 of the Dungeon.
             The game lasted 00:10:22 (2797 turns).

Ceno the Vexing (Barachi Hexslinger)                Turns: 2797, Time: 00:10:24

Health: -4/48      AC:  2    Str: 10    XL:     6   Next: 65%
Magic:  1/7        EV: 12    Int: 15    God:
Gold:   203        SH:  0    Dex: 14    Spells: 2/7 levels left

rFire   . . .        a - +1 sling
rCold   . . .        (no shield)
rNeg    . . .        c - +0 robe
rPois   .            (no helmet)
rElec   .            (no cloak)
rCorr   .            (no gloves)
SInv    .            (no boots)
Will    .....        (no amulet)
Stlth   ++           (no ring)
HPRegen 0.28/turn    (no ring)
MPRegen 0.10/turn

%: no passive effects
@: weak-willed, jinxed, slow
A: amphibious, slowness 1, strong legs 1, +LOS
a: Hop


You were on level 3 of the Dungeon.
You visited 1 branch of the dungeon, and saw 4 of its levels.

You collected 203 gold pieces.

Inventory:

Hand Weapons
 a - a +1 sling (weapon)
Missiles
 v - 5 poisoned darts
Armour
 c - a +0 robe (worn)
 p - a +2 ring mail of poison resistance
Wands
 f - a wand of iceblast (4)
Scrolls
 b - a scroll of poison
 d - a scroll of identify {unknown}
 g - a scroll of teleportation
 m - a scroll of enchant weapon {unknown}
 n - a scroll of brand weapon {unknown}
 o - a scroll of immolation {unknown}
 r - a scroll of vulnerability {unknown}
 t - a scroll of blinking {unknown}
 w - a scroll of enchant armour {unknown}
 x - a scroll of silence {unknown}
 y - a scroll of noise {unknown}
Potions
 e - 2 potions of haste {unknown}
 h - 2 potions of curing {unknown}
 i - a potion of enlightenment {unknown}
 j - a potion of invisibility {unknown}
 k - a potion of might {unknown}
 l - a potion of attraction {unknown}
 q - a potion of ambrosia {unknown}
 s - a potion of mutation {unknown}
 u - a potion of berserk rage {unknown}


   Skills:
 + Level 4.0 Fighting
 + Level 3.8 Ranged Weapons
 - Level 2.1 Dodging
 + Level 3.0 Stealth
 - Level 1.1 Spellcasting
 + Level 4.8 Hexes
 - Level 1.1 Fire Magic


You had 2 spell levels left.
You knew the following spells:

 Your Spells              Type           Power      Damage    Failure   Level
a - Jinxbite              Hex            30%        N/A       4%          2
b - Sigil of Binding      Hex            15%        N/A       10%         3

Your spell library contained the following spells:

 Spells                   Type           Power      Damage    Failure   Level
 Inner Flame              Hex/Fire       9%         N/A       22%         3
 Cause Fear               Hex            7%         N/A       32%         4
 Stone Arrow              Conj/Erth      0%         3d7       58%         3
 Dimensional Bullseye     Hex/Tloc       4%         N/A       65%         4
 Animate Armour           Summ/Erth      0%         N/A       94%         4
 Lehudib's Crystal Spear  Conj/Erth      0%         10d2      100%        8


Dungeon Overview and Level Annotations

Branches:
Dungeon (4/15)
 Temple: D:4-7

Altars:
Kikubaaqudgha


Innate Abilities, Weirdness & Mutations

You are amphibious.
You cover ground slowly.
You can hop short distances.
You have an extended range of vision and can be seen from far away.


Message History

The orc priest calls down the wrath of Beogh upon you.
Beogh smites you! The adder barely misses you.
You shoot a sling bullet.
The sling bullet barely misses the orc priest.
The orc priest misses you. The adder bites you.
You are poisoned.
The adder poisons you!
The orc priest hits you but does no damage.
The adder bites you.
You shoot a sling bullet.
The sling bullet hits the orc priest but does no damage.
The orc priest is almost dead.
You feel sick.
The adder's lost momentum returns!
The adder barely misses you.
The orc priest mumbles some strange prayers to Beogh against you.
Beogh smites you!
* * * LOW HITPOINT WARNING * * *
You shoot a sling bullet.
The sling bullet closely misses the orc priest.
You feel sick. The adder barely misses you. The orc priest misses you.
The adder closely misses you.
You shoot a sling bullet.
The sling bullet hits the orc priest but does no damage.
The orc priest is almost dead.
You feel sick.
You are no longer poisoned.
The orc priest hits you but does no damage.
The adder closely misses you.
Casting: Jinxbite (safe; 4% risk of failure)
Confirm with . or Enter, or press ? or * to list all spells.
You beckon some vexing sprites to accompany your attacks.
You feel your willpower being sapped.
The orc priest seems less drained.
The adder closely misses you. The orc priest hits you with a +0 club.
* * * LOW HITPOINT WARNING * * *
You shoot a sling bullet.
The sling bullet hits the orc priest but does no damage.
The orc priest is almost dead.
The adder bites you.
* * * LOW HITPOINT WARNING * * *
The orc priest hits you with a +0 club.
You die...

#.##.#.#####.# #.##.#.#####.#
###.##.#.#.....###########
###......#.#.###...........#
#......#...#...'...........#
#........###.###...........##
#.......####........)........
#.......#.#.#.#.....).......#
#......#.#.#@#.#....'#'#'#.#.
#.......#.#S#o#.#'#.#.#.#.#..
#......#.#.#.#.#.#)#.#.#.#.#.
#......'#.#.#.#.#.#)#.#.#.#..
#......#.#.#.#.#.#.#.#.#.#.#.
##'##'#.#.#.#.#.#.#.#)#.#<#..
#.###.#.#.#.#.#.#.#.#.#.#.#.
#.##.#.#.#.#.#.#.#.#.#.#.#.#
#.###.#.#'#.#.#.#.#.#.#.#.##


You could see an orc priest and an adder (swift).

Vanquished Creatures
  A scorpion (D:3)
  2 vampire bats (D:3)
  A bombardier beetle (D:3)
  An orc wizard (D:3)
  5 adders
  A dart slug (D:2)
  5 ribbon worms
  4 orcs (D:3)
  8 bats
  2 bat skeletons (D:3)
  3 bat zombies (D:3)
  5 endoplasms
  3 giant cockroaches
  9 goblins
  7 hobgoblins
  2 jackals (D:3)
  4 quokkas
  8 ball pythons
  6 frilled lizards
  8 kobolds
  10 rats
95 creatures vanquished.

Notes
Turn   | Place    | Note
-------+----------+-------------------------------------------
     0 | D:1      | Ceno the Barachi Hexslinger began the quest for the Orb.
     0 | D:1      | Reached XP level 1. HP: 15/15 MP: 2/2
   169 | D:1      | Reached XP level 2. HP: 21/21 MP: 3/3
   172 | D:1      | Learned a level 2 spell: Jinxbite
   221 | D:1      | Reached skill level 1 in Stealth
   256 | D:1      | You fall into a shaft and drop 1 floor!
   281 | D:2      | Reached XP level 3. HP: 17/27 MP: 1/4
   522 | D:2      | Reached XP level 4. HP: 34/34 MP: 5/5
   526 | D:2      | Learned a level 3 spell: Sigil of Binding
  1220 | D:2      | Found a faded altar of an unknown god.
  2085 | D:3      | Reached XP level 5. HP: 34/41 MP: 3/6
  2463 | D:3      | Reached XP level 6. HP: 46/48 MP: 3/7
  2556 | D:3      | Found an ancient bone altar of Kikubaaqudgha.
  2784 | D:4      | Noticed an orc warrior
  2797 | D:3      | HP: 2/48 [adder (1)]
  2797 | D:3      | Slain by an orc priest

Illustrated notes

Levels and vault maps discovered:
D:1:      minmay_arrival_open_corners, layout_basic, minmay_crystal_room,
          minivault_11, kennysheep_another_room, serial_park_tiny_2,
          serial_bayou_pond_b, kennysheep_crisscross
D:2:      minmay_recursive_quarters, layout_basic,
          hellmonk_ecumenical_altar_crossroads, st_stairs_11, minmay_domino_4
D:3:      minmay_angry_zag, layout_basic, kennysheep_vampire_church
D:4:      layout_basic, minmay_temple_entry_overgrown, uniq_robin

Skill      XL: |  1  2  3  4  5  6 |
---------------+-------------------+-----
Stealth        | 1 2 3 |  3.0
Fighting       | 2 3 4 |  4.0
Hexes          | 4 |  4.8
Ranged Weapons | 3 |  3.8
Dodging        | |  2.1
Spellcasting   | |  1.1
Fire Magic     | |  1.1

Action                     |  1- 3 |  4- 6 || total
---------------------------+-------+-------++-------
   Fire: Sling             |   103 |   247 ||   350
  Throw: Dart              |       |     3 ||     3
   Cast: Jinxbite          |     4 |    10 ||    14
         Sigil of Binding  |       |     5 ||     5
Ability: Hop               |     6 |     6 ||    12
    Use: Scroll            |       |     1 ||     1
 Armour: Robe              |    25 |   120 ||   145
  Dodge: Dodged            |    24 |   139 ||   163

Table legend: (Time is in decaauts)
 A = Elapsed time spent in this place.
 B = Non-inter-level travel time spent in this place.
 C = Inter-level travel time spent in this place.
 D = Time resting spent in this place.
 E = Time spent auto-exploring this place.
 F = Levels seen in this place.
 G = Mean time per level.
                   A        B        C        D        E       F      G
               +--------+--------+--------+--------+--------+-----+--------+
         Total |   3250 |   3146 |    104 |     95 |   2251 |   4 |  812.5 |
       Dungeon |   3250 |   3146 |    104 |     95 |   2251 |   4 |  812.5 |
               +--------+--------+--------+--------+--------+-----+--------+

Top non-repeatable levels by time:
     D:2: 1432 daAuts
     D:3: 1076 daAuts
     D:1: 735 daAuts
     D:4: 6 daAuts
